 Dungeon Crawl Stone Soup version 0.28-a0-500-g121bc3e445 (webtiles) character file.

Game seed: 15449399678730620161

25719 heikuro the Spear-Bearer (level 12, 0/169 HPs)
             Began as a Minotaur Berserker on Sept 19, 2021.
             Was a High Priest of Trog.
             Slain by Agnes (11 damage)
             ... on level 14 of the Dungeon.
             The game lasted 00:23:19 (15594 turns).

heikuro the Spear-Bearer (Minotaur Berserker)      Turns: 15594, Time: 00:23:19

Health: 0/169      AC: 18    Str: 27    XL:     12   Next: 92%
Magic:  3/3        EV:  6    Int:  4    God:    Trog [*****.]
Gold:   948        SH: 16    Dex: 10    Spells: 11/11 levels left

rFire   . . .      SeeInvis .   b - +0 demon trident (antimagic)
rCold   + . .      Faith    .   q - +0 tower shield
rNeg    . . .      Spirit   .   T - +1 plate armour {rC+}
rPois   +          Reflect  .   (helmet restricted)
rElec   .          Harm     .   H - scarf {repulsion}
rCorr   .          Rampage  .   (no gloves)
Will    +....                   M - +0 pair of boots
Stlth   ..........              h - amulet of the acrobat
HPRegen 0.38/turn               j - ring of willpower
MPRegen 0.08/turn               A - ring of poison resistance

@: berserking (expiring), repel missiles, very quick
A: horns 2, retaliatory headbutt, mutation resistance 1
a: Renounce Religion, Berserk, Trog's Hand, Brothers in Arms


You were on level 14 of the Dungeon.
You worshipped Trog.
Trog was extremely pleased with you.
You visited 2 branches of the dungeon, and saw 15 of its levels.
You also visited: Sewer.

You collected 948 gold pieces.

Inventory:

Hand Weapons
 a - a +0 war axe
 b - a +0 antimagic demon trident (weapon)
 Y - a +2 antimagic glaive
Missiles
 o - 5 throwing nets
 x - 53 poisoned darts (quivered)
 L - a curare-tipped dart
Armour
 q - a +0 tower shield (worn)
 H - a scarf of repulsion (worn)
 M - a +0 pair of boots (worn)
 T - a +1 plate armour of cold resistance (worn)
Jewellery
 h - an amulet of the acrobat (around neck)
 j - a ring of willpower (left hand)
 A - a ring of poison resistance (right hand)
 B - a ring of flight
 D - a ring of fire
 Q - a +4 ring of protection
 W - a +6 ring of strength
 X - a +4 ring of evasion
Wands
 r - a wand of digging (3)
 t - a wand of charming (27)
 y - a wand of iceblast (11)
 E - a wand of mindburst (12)
 I - a wand of polymorph (19)
 U - a wand of paralysis (15)
Scrolls
 c - a scroll of holy word {unknown}
 f - 4 scrolls of amnesia {unknown}
 i - 3 scrolls of fog {unknown}
 l - a scroll of silence {unknown}
 m - 2 scrolls of enchant armour {unknown}
 n - a scroll of blinking {unknown}
 p - 3 scrolls of teleportation
 v - 5 scrolls of acquirement {unknown}
 w - a scroll of torment {unknown}
 z - 2 scrolls of fear {unknown}
 G - a scroll of magic mapping {unknown}
 K - 3 scrolls of brand weapon {unknown}
 S - 2 scrolls of immolation {unknown}
Potions
 d - 5 potions of curing
 e - 3 potions of cancellation
 g - 3 potions of haste
 k - 2 potions of might
 s - 2 potions of mutation
 u - 6 potions of heal wounds
 C - 2 potions of lignification
 F - a potion of invisibility {unknown}
 J - 2 potions of ambrosia {unknown}
 N - 2 potions of flight {unknown}
 P - 2 potions of resistance {unknown}
Miscellaneous
 R - a box of beasts
 V - a phial of floods


   Skills:
 + Level 12.8 Fighting
 - Level 3.7(10.0) Axes
 + Level 14.0(14.2) Polearms
 + Level 12.5 Armour
 - Level 2.6 Dodging
 * Level 12.4 Shields


You had 11 spell levels left.
You didn't know any spells.
Your spell library was empty.

Dungeon Overview and Level Annotations

Branches:
Dungeon (14/15)            Temple (1/1) D:7            Lair (0/6) D:9
    Orc (0/2) D:9          Vaults (0/5) D:13          Sewer (visited)

Altars:
Ashenzari
Cheibriados
Dithmenos
Elyvilon
Fedhas
Gozag
Hepliaklqana
Kikubaaqudgha
Makhleb
Nemelex Xobeh
Okawaru
Qazlal
Ru
Sif Muna
Trog
Uskayaw
Vehumet
Wu Jian
Xom
Yredelemnul
Zin
The Shining One

Annotations:
D:4 2 transporters, 3 runed translucent doors, siradein's ghost, amateur KoBr
D:5 1 runed translucent door, jasper's ghost, novice DsCj
D:14 Agnes


Innate Abilities, Weirdness & Mutations

You have a pair of horns on your head.
You reflexively headbutt those who attack you in melee.
You are somewhat resistant to further mutation.


Message History

You are electrocuted!!
Agnes hits you with a +1 lajatang of electrocution!!
You are electrocuted!
You barely miss Agnes. Your headbutt misses Agnes.
Agnes is moderately wounded.
Agnes shouts, "I will kick you around like a rattan ball!"
You block Agnes's attack.
You impale Agnes!!
Agnes is heavily wounded.
Agnes hits you but does no damage.
Your plate armour prevents you from hitting Agnes.
Agnes is heavily wounded.
Agnes hits you with a +1 lajatang of electrocution!!
You are electrocuted!
You are too injured to fight recklessly!
You are too injured to fight recklessly!
You are too injured to fight recklessly!
You are too injured to fight recklessly!
You closely miss Agnes.
Agnes is heavily wounded.
Agnes hits you with a +1 lajatang of electrocution!!
* * * LOW HITPOINT WARNING * * *
You miss Agnes.
Agnes is heavily wounded.
You block Agnes's attack.
You puncture Agnes!
Agnes is severely wounded.
Agnes hits you with a +1 lajatang of electrocution!
* * * LOW HITPOINT WARNING * * *
You barely miss Agnes.
Agnes is severely wounded.
You block Agnes's attack.
You hit Agnes. Your headbutt misses Agnes.
Agnes is severely wounded.
Agnes hits you with a +1 lajatang of electrocution!!
* * * LOW HITPOINT WARNING * * *
You completely miss Agnes.
Agnes is severely wounded.
Agnes hits you with a +1 lajatang of electrocution!
You die...

#.........#......'......#........
'.........#......#......#........
###########...#######..##.....##.
..........#...####.######.....##.
..........+............#......+..
..........#............#########.
..........#............# #.
..........#'####.####..# ##
+######+#....# #@#
....+...#....#...i.....#
....#...#....#.........#
....#...'....#.........#
##.####'#....##..##....#
##.###..#.....#..# ....#
<.......#.....#... ....
........#.....#... ....
........+.....+


You could see Agnes.

Vanquished Creatures
  Louise (D:14)
  Harold (D:10)
  2 dancing weapons (D:13)
  8 two-headed ogres
  2 skeletal warriors (D:14)
  2 ugly things
  2 manticores
  4 cyclopes
  A gargoyle (D:14)
  A freezing wraith (D:14)
  5 trolls
  Grinder (D:3)
  A hornet (D:10)
  5 slime creatures
  A wraith (D:13)
  A shadow (D:13)
  A wyvern (D:9)
  19 yaks
  4 wargs (D:9)
  Menkaure (D:5)
  2 water moccasins
  4 orc warriors
  2 black bears
  2 ice beasts (D:5)
  2 necrophages
  3 ogres
  A sky beast (D:6)
  A hornet zombie (D:8)
  5 centaurs
  2 wolves (D:9)
  2 kobold brigands (D:8)
  6 bullfrogs
  A gnoll sergeant (D:9)
  A scorpion (D:4)
  5 water moccasin zombies
  3 water moccasin skeletons
  3 wights (D:9)
  12 howler monkeys
  4 electric eels
  4 bullfrog zombies
  7 centaur zombies
  A jelly (D:6)
  4 orc priests
  8 hounds
  A centaur skeleton (D:3)
  An iguana (D:4)
  Natasha (thrice) (D:3)
  10 orc wizards
  A statue (D:6)
  A killer bee zombie (D:5)
  A hound skeleton (D:5)
  3 howler monkey zombies
  7 gnolls
  7 adders (D:4)
  2 shadow imps
  2 white imps
  2 ufetubi
  An adder zombie (D:4)
  2 worms (D:4)
  2 dart slugs
  30 orcs
  8 bats
  5 endoplasms
  3 giant cockroaches
  4 goblins
  5 hobgoblins
  2 jackals (Sewer)
  5 quokkas
  5 ball pythons
  A frilled lizard (D:9)
  15 kobolds
  7 rats
284 creatures vanquished.

Vanquished Creatures (collateral kills)
  A skeletal warrior (D:14)
1 creature vanquished.

Vanquished Creatures (others)
  28 plants
  7 withered plants (D:5)
35 creatures vanquished.

Grand Total: 320 creatures vanquished

Notes
Turn   | Place    | Note
-------+----------+-------------------------------------------
     0 | D:1      | heikuro the Minotaur Berserker began the quest for the Orb.
     0 | D:1      | Reached XP level 1. HP: 19/19 MP: 0/0
   114 | D:1      | Found a faded altar of an unknown god.
   328 | D:1      | Reached XP level 2. HP: 22/27 MP: 0/1
   478 | D:1      | Reached skill level 1 in Polearms
   808 | D:2      | Reached XP level 3. HP: 30/33 MP: 0/2
   954 | D:2      | Reached ** piety under Trog
  1315 | D:3      | Found an ornate altar of the Wu Jian Council.
  1317 | D:3      | Noticed Grinder
  1365 | D:3      | Noticed Natasha
  1373 | D:3      | Killed Natasha
  1374 | D:3      | Reached skill level 2 in Polearms
  1383 | D:3      | Noticed Natasha
  1390 | D:3      | Killed Natasha
  1391 | D:3      | Reached skill level 1 in Shields
  1391 | D:3      | Reached XP level 4. HP: 34/40 MP: 1/3
  1415 | D:3      | Noticed Natasha
  1419 | D:3      | Killed Grinder
  1420 | D:3      | Reached skill level 4 in Polearms
  1420 | D:3      | Reached XP level 5. HP: 30/47 MP: 1/4
  1420 | D:3      | Reached XP level 6. HP: 36/55 MP: 1/5
  1422 | D:3      | Killed Natasha
  1586 | D:3      | Reached skill level 5 in Fighting
  1963 | D:4      | Reached skill level 5 in Polearms
  2071 | D:4      | Found a transporter.
  2087 | D:4      | Found a transporter.
  2119 | D:4      | Reached XP level 7. HP: 44/61 MP: 2/6
  2158 | D:4      | Reached *** piety under Trog
  2172 | D:4      | Found a glowing drain.
  2194 | Sewer    | Entered a sewer
  2436 | D:4      | Reached skill level 6 in Polearms
  2436 | D:4      | Reached skill level 5 in Armour
  2589 | D:4      | Found a runed translucent gate.
  2589 | D:4      | Found a runed translucent gate.
  2589 | D:4      | Found a runed translucent gate.
  2589 | D:4      | Noticed siradein's ghost (amateur KoBr)
  2591 | D:4      | Found a basalt altar of Yredelemnul.
  3477 | D:5      | Entered Level 5 of the Dungeon
  3572 | D:5      | Noticed a yak
  3574 | D:5      | Noticed a yak
  3586 | D:5      | Noticed a yak
  3587 | D:5      | Reached XP level 8. HP: 65/70 MP: 2/7
  3589 | D:5      | Reached skill level 7 in Polearms
  3595 | D:5      | Reached skill level 5 in Shields
  3596 | D:5      | Reached skill level 8 in Polearms
  3987 | D:5      | Reached **** piety under Trog
  3988 | D:5      | Reached XP level 9. HP: 72/79 MP: 2/8
  4167 | D:5      | Reached skill level 9 in Polearms
  4510 | D:5      | Found a runed translucent door.
  4510 | D:5      | Noticed jasper's ghost (novice DsCj)
  4591 | D:5      | Noticed Menkaure
  4598 | D:5      | Killed Menkaure
  5096 | D:6      | Found a radiant altar of Vehumet.
  5448 | D:6      | Found a hazy altar of Hepliaklqana.
  5525 | D:6      | Reached skill level 10 in Polearms
  5651 | D:6      | Found a white marble altar of Elyvilon.
  5970 | D:7      | Noticed a two-headed ogre
  5978 | D:7      | Killed a two-headed ogre
  6244 | D:7      | Reached XP level 10. HP: 83/90 MP: 3/9
  6529 | D:7      | Found a sparkling altar of Nemelex Xobeh.
  6557 | D:7      | Found a hide-covered altar of Uskayaw.
  6575 | D:7      | Found a staircase to the Ecumenical Temple.
  6577 | D:7      | Reached skill level 11 in Polearms
  6592 | Temple   | Entered the Ecumenical Temple
  6880 | D:7      | Found an opulent altar of Gozag.
  6892 | D:7      | Found a stormy altar of Qazlal.
  7415 | D:8      | Reached ***** piety under Trog
  8502 | D:8      | Reached skill level 12 in Polearms
  8509 | D:8      | Found a shimmering blue altar of Sif Muna.
  8819 | D:9      | Noticed a two-headed ogre
  8828 | D:9      | Killed a two-headed ogre
  8828 | D:9      | Received a gift from Trog
  8968 | D:9      | Found a glowing golden altar of the Shining One.
  9022 | D:9      | Reached XP level 11. HP: 99/99 MP: 3/10
  9124 | D:9      | Found a staircase to the Lair.
  9398 | D:9      | Reached skill level 10 in Fighting
  9538 | D:9      | Found a sacrificial altar of Ru.
  9798 | D:9      | Found a staircase to the Orcish Mines.
  9941 | D:10     | Entered Level 10 of the Dungeon
 10043 | D:10     | Noticed a brown ugly thing
 10083 | D:10     | Killed a brown ugly thing
 10117 | D:10     | Upgraded the game from 0.28-a0-495-g9bb89235eb to
                  | 0.28-a0-500-g121bc3e445
 10127 | D:10     | Noticed a two-headed ogre
 10139 | D:10     | Killed a two-headed ogre
 10140 | D:10     | Reached skill level 13 in Polearms
 10280 | D:10     | Noticed Harold
 10289 | D:10     | Killed Harold
 10290 | D:10     | Reached skill level 10 in Armour
 10362 | D:10     | Paralysed by a hornet for 1 turns
 10486 | D:10     | Found an iron altar of Okawaru.
 11138 | D:11     | Reached skill level 10 in Shields
 11871 | D:12     | Gained mutation: You are somewhat resistant to further
                  | mutation. [potion of mutation]
 11893 | D:12     | Noticed a two-headed ogre
 11903 | D:12     | Killed a two-headed ogre
 12120 | D:12     | Noticed a two-headed ogre
 12126 | D:12     | Killed a two-headed ogre
 12127 | D:12     | Reached XP level 12. HP: 110/110 MP: 3/11
 12615 | D:12     | Noticed a two-headed ogre
 12625 | D:12     | Killed a two-headed ogre
 12884 | D:12     | Noticed a two-headed ogre
 12892 | D:12     | Killed a two-headed ogre
 13740 | D:13     | Found a gate to the Vaults.
 14375 | D:14     | Noticed Louise
 14401 | D:14     | Killed Louise
 14487 | D:14     | Noticed a two-headed ogre
 14498 | D:14     | Killed a two-headed ogre
 14968 | D:14     | Reached skill level 14 in Polearms
 15581 | D:14     | Noticed Agnes
 15594 | D:14     | Slain by Agnes

Illustrated notes

Levels and vault maps discovered:
D:1:      zelgadis_glass_arrival_small, layout_basic,
          ebering_ecumenical_altar_webs, serial_glass, glass_columns_a,
          glass_columns_c
D:2:      layout_loops_cross
D:3:      layout_rooms, mainiacjoe_overflow_tiny_flanked, uniq_grinder,
          uniq_natasha
D:4:      gammafunk_wand_slinger, layout_basic,
          nicolae_yredelemnul_ghost_church, gup_sewer_entry_bubbles,
          serial_rivers, chequers_serial_rivers_small_b,
          chequers_serial_rivers_small_b, chequers_serial_rivers_marsh,
          chequers_serial_rivers_micro_a, chequers_serial_rivers_small_b,
          chequers_serial_rivers_room_b
D:5:      layout_loops_cross, serial_undead, serial_undead_a, serial_undead_b,
          serial_undead_e, serial_undead_f, serial_undead_b,
          gammafunk_ghost_grave, uniq_menkaure
D:6:      layout_basic, nicolae_overflow_crystal_walls, vehumet_statue,
          general_overflow_altar
D:7:      layout_gridville, grunt_qazlal_clouds,
          mainiacjoe_overflow_cross_hatched, mainiacjoe_overflow_catwalk_spiral,
          minmay_temple_entry_glassed_door, serial_bayou_lagoon_b
D:8:      layout_basic, kennysheep_orc_sif_temple, serial_bayou,
          serial_bayou_shore_b, serial_bayou_shore_b, serial_bayou_ford_a,
          serial_bayou_pond_e, serial_bayou_shore_a, serial_bayou_pond_b
D:9:      layout_basic, nicolae_ru_great_annihilating_truth, old_standard_altar,
          erik_lair_island, minmay_orc_entry_guard_dogs,
          chequers_serial_rivers_micro_b
D:10:     layout_rooms, okawaru_ov_weapons_minmay, uniq_harold
D:11:     layout_irregular_city, nrook_mini_vaults
D:12:     layout_stronghold
D:13:     layout_basic, erik_vaults_1
D:14:     layout_gridville, uniq_louise, uniq_agnes
Temple:   compressed_dpeg_triangle_lava_temple

Skill      XL: |  1  2  3  4  5  6  7  8  9 10 11 12 |
---------------+-------------------------------------+-----
Polearms       | 1 2 4 5 6 8 10 12 13 14 | 14.0
Fighting       | 4 5 6 7 8 9 11 12 | 12.8
Armour         | 3 4 5 6 8 9 10 12 | 12.5
Shields        | 1 2 3 4 5 7 8 10 12 | 12.4
Axes           | |  3.7
Dodging        | |  2.6

Action                   |  1- 3 |  4- 6 |  7- 9 | 10-12 || total
-------------------------+-------+-------+-------+-------++-------
Melee: Demon trident     |    57 |    49 |   273 |   608 ||   987
       Hand axe          |     5 |       |       |       ||     5
       Headbutt          |     8 |     6 |    44 |   100 ||   158
       War axe           |       |       |    21 |    17 ||    38
Invok: Berserk           |       |     1 |     7 |    24 ||    32
       Brothers in Arms  |       |       |       |     2 ||     2
       Trog's Hand       |       |       |       |     1 ||     1
Evoke: Wand              |       |       |       |     6 ||     6
  Use: Scroll            |       |       |     4 |     6 ||    10
       Potion            |       |       |       |     1 ||     1
 Stab: Sleeping          |     1 |       |       |       ||     1
       Paralysed         |       |       |       |     1 ||     1
       Distracted        |       |       |       |     1 ||     1
Armor: Animal skin       |     7 |       |       |       ||     7
       Chain mail        |     3 |    17 |   130 |    92 ||   242
       Ring mail         |     1 |       |       |       ||     1
       Plate armour      |       |       |       |     4 ||     4
Dodge: Dodged            |    22 |     9 |    57 |   131 ||   219
       Repelled          |       |       |       |     5 ||     5
Block: Kite shield       |     9 |    10 |    90 |   143 ||   252
       Tower shield      |       |       |       |    29 ||    29

Table legend: (Time is in decaauts)
 A = Elapsed time spent in this place.
 B = Non-inter-level travel time spent in this place.
 C = Inter-level travel time spent in this place.
 D = Time resting spent in this place.
 E = Time spent auto-exploring this place.
 F = Levels seen in this place.
 G = Mean time per level.
                   A        B        C        D        E       F      G
               +--------+--------+--------+--------+--------+-----+--------+
         Total |  15895 |  15415 |    480 |   3937 |   8115 |  16 |  993.4 |
       Dungeon |  15398 |  14934 |    464 |   3884 |   7790 |  14 | 1099.9 |
        Temple |    268 |    252 |     16 |      0 |    244 |   1 |  268.0 |
         Sewer |    228 |    228 |      0 |     53 |     81 |   1 |  228.0 |
               +--------+--------+--------+--------+--------+-----+--------+

Top non-repeatable levels by time:
     D:4: 1685 daAuts
    D:12: 1577 daAuts
     D:8: 1483 daAuts
     D:5: 1420 daAuts
    D:14: 1320 daAuts
     D:9: 1224 daAuts
    D:11: 1125 daAuts
     D:6: 1060 daAuts
    D:13: 984 daAuts
     D:7: 888 daAuts
    D:10: 693 daAuts
     D:1: 676 daAuts
     D:2: 655 daAuts
     D:3: 602 daAuts
  Temple: 268 daAuts
